Cogmind - Beta 13 X2 @@@ ROGUE MODE // 2024.01.26 @ 13:08:22 Player: Hermelin Result: Destroyed by EC-0KT(R) with Subdweller Machine Gun Performance ------------- Evolutions (0) 0 Regions Visited (3) 600 Robots Destroyed (26) 130 Value Destroyed (409) 409 Prototype IDs (4) 80 Alien Tech Used (0) 0 Bonus (0) 0 TOTAL SCORE: 1219 Bonus ------- None Cogmind --------- Core Integrity 0/250 Matter 273/300 Energy 92/100 System Corruption 0% Temperature Cool (0) Movement Core (1350) Ox26 Location -10/Subcaves Parts ------- > --- POWER (1) -------- (None) > --- PROPULSION (2) --- (None) > --- UTILITY (2) ------ Huge Storage Unit Improved Terrain Scanner > --- WEAPON (2) ------- (None) > --- INVENTORY (25) --- Improved Ion Engine Light Treads Wheel Medium Storage Unit Medium Storage Unit Compact Matter Pod (150) Machine Analyzer Signal Interpreter Light Armor Plating Shield Generator Tractor Beam Decoy Drone Bay Datajack Mining Claw Peak State ------------ > --- POWER ------------ Improved Ion Engine > --- PROPULSION ------- Compact Wheel Compact Wheel > --- UTILITY ---------- Huge Storage Unit Improved Terrain Scanner > --- WEAPON ----------- Assault Rifle Light Assault Rifle > --- INVENTORY -------- Improved Ion Engine Light Treads Wheel Medium Storage Unit Medium Storage Unit Compact Matter Pod Machine Analyzer Signal Interpreter Light Armor Plating Shield Generator Tractor Beam Decoy Drone Bay Rocket Launcher Datajack Mining Claw [Rating: 13] Favorites ----------- Power Improved Ion Engine Engine Improved Ion Engine Propulsion Light Treads Treads Light Treads Wheel Wheel Utility Shield Generator Device Shield Generator Storage Small Storage Unit Weapon Assault Rifle Ballistic Gun Assault Rifle Launcher Rocket Launcher Build | -11 -10 -10 -10 ------- Run | Yrd Mat Min Sub Slots Evolved . | . . . . Power . | . . . . Propulsion . | . . . . Utility . | . . . . Weapon . | . . . . Parts Attached 21 | 7 7 6 1 Power 2 | 1 1 . . Engine 2 | 1 1 . . Core . | . . . . Reactor . | . . . . Propulsion 5 | 2 . 3 . Treads 2 | 1 . 1 . Leg . | . . . . Wheel 3 | 1 . 2 . Hover . | . . . . Flight . | . . . . Utility 9 | 2 5 2 . Device 5 | 1 3 1 . Storage 4 | 1 2 1 . Processor . | . . . . Hackware . | . . . . Protection . | . . . . Artifact . | . . . . Weapon 5 | 2 1 1 1 Energy Gun . | . . . . Energy Cannon . | . . . . Ballistic Gun 4 | 2 1 1 . Ballistic Cannon . | . . . . Launcher 1 | . . . 1 Special Weapon . | . . . . Impact Weapon . | . . . . Slashing Weapon . | . . . . Piercing Weapon . | . . . . Special Melee Weapon . | . . . . Unidentified Prototypes . | . . . . Parts Lost 6 | . . . 6 Power 1 | . . . 1 Propulsion 2 | . . . 2 Utility . | . . . . Weapon 3 | . . . 3 Highest Loss Streak 6 | . . . 6 To Critical Strikes 1 | . . . 1 Average Slot Usage (%) 99 | . 100 100 94 Engine 14 | . 14 14 14 Treads 9 | . 14 4 . Wheel 18 | . 14 23 25 Device 13 | . 13 14 14 Storage 14 | . 14 14 14 Ballistic Gun 27 | . 28 28 26 Naked Turns . | . . . . Heaviest Build 92 | 15 23 92 91 Greatest Support 32 | 20 20 32 32 Greatest Overweight (x) 9 | . 1 9 2 Average Overweight (x) 1 | . . 2 2 Largest Inventory Capacity 25 | 8 10 25 25 Average Capacity 14 | 7 8 22 25 Most Carried 16 | 4 9 16 16 Average Carried 10 | 3 8 13 15 Final Capacity 25 | 8 10 25 25 Final Carried 16 | 4 9 16 15 Class Distribution -------------------- 100% | Mutant Dominant Class ---------------- Mutant | -10/Materials Mutant | -10/Mines Mutant | -10/Subcaves Resources | -11 -10 -10 -10 ----------- Run | Yrd Mat Min Sub Matter Collected 720 | 324 274 114 8 Remotely 83 | 83 . . . Salvage Created 944 | 195 475 226 48 Parts 61 | 17 26 11 7 Haulers Intercepted 2 | . 2 . . Recyclers Shooed . | . . . . Parts Field Recycled . | . . . . Retrieved Matter . | . . . . Parts Self-Destructed 7 | . . . 7 Prevented . | . . . . Kills | -11 -10 -10 -10 ------- Run | Yrd Mat Min Sub Combat Hostiles Destroyed 12 | . 6 3 3 Guns 12 | . 6 3 3 Classes Destroyed 8 | 2 5 1 . Tunneler 6 | 5 . 1 . Hauler 2 | . 2 . . Recycler 3 | 1 . 2 . Mechanic 1 | . 1 . . Operator 1 | . 1 . . Watcher 1 | . 1 . . Swarmer 6 | . . 3 3 Grunt 6 | . 6 . . Best Kill Streak 4 | 4 4 3 3 Combat Bots Only 4 | . 4 3 3 Max Kills in Single Turn 2 | 1 1 1 2 Gunslinging 1 | . . . 1 Exploded . | . . . . Melee . | . . . . Uniques/NPCs Destroyed . | . . . . Combat | -11 -10 -10 -10 -------- Run | Yrd Mat Min Sub Hostile Shots Fired 93 | . 53 11 29 Missed 29 | . 19 2 8 Damage Taken 964 | . 316 52 596 Core 263 | . 37 15 211 Absorbed by Shields 141 | . 119 22 . Core Remaining (%) 100 | 100 . . . Volleys Fired 67 | 9 34 9 15 Largest 2 | 2 2 2 2 Hottest 40 | 40 40 40 40 Shots Fired 124 | 18 68 18 20 Gun 122 | 18 68 18 18 Cannon . | . . . . Launcher 2 | . . . 2 Special . | . . . . Kinetic 122 | 18 68 18 18 Thermal . | . . . . Explosive 2 | . . . 2 Electromagnetic . | . . . . Robot Hit Streak 17 | 4 8 5 17 Robot Miss Streak 3 | 1 3 2 1 Penetration Max . | . . . . Secondary Targets 4 | . 2 1 1 Max Gunslinging Chain 1 | . 1 1 1 Shots Hit Robots 82 | 10 43 10 19 Core Hits 44 | 7 23 8 6 Critical Kills . | . . . . Critical Parts Destroyed 1 | . 1 . . Critical Strikes 1 | . 1 . . Destroy 1 | . 1 . . Melee Attacks . | . . . . Impact . | . . . . Slashing . | . . . . Piercing . | . . . . Sneak Attacks . | . . . . Combat Hostiles . | . . . . Follow-up Attacks . | . . . . Damage Inflicted 1050 | 121 534 124 271 Guns 922 | 121 534 124 143 Cannons . | . . . . Explosions 128 | . . . 128 Melee . | . . . . Ramming . | . . . . Kinetic 922 | 121 534 124 143 Thermal . | . . . . Explosive 128 | . . . 128 Electromagnetic . | . . . . Impact . | . . . . Slashing . | . . . . Piercing . | . . . . Highest Corruption . | . . . . Average Corruption . | . . . . Corruption Purged . | . . . . Corruption Blocked . | . . . . Overload Shots . | . . . . Overflow Damage 37 | . . . 37 Projectiles . | . . . . Explosions 37 | . . . 37 Melee . | . . . . Knockbacks . | . . . . Impact . | . . . . Kinetic . | . . . . Secondary . | . . . . Self-Inflicted Damage 99 | . . . 99 Shots 2 | . . . 2 Rammed . | . . . . Targets Rammed . | . . . . Kicked . | . . . . Crushed . | . . . . Highest Temperature 4 | . 4 2 . Average Temperature 1 | . 2 1 . Received Heat Transfer 210 | . 156 . 54 Siege Activations . | . . . . Robots Corrupted . | . . . . Combat Hostiles . | . . . . Parts Fried . | . . . . Impact Corruptions . | . . . . Robots Melted . | . . . . Combat Hostiles . | . . . . Parts Melted . | . . . . Heat Transferred . | . . . . Parts Sabotaged . | . . . . Parts Stolen . | . . . . Parts Stripped . | . . . . Power Chain Reactions . | . . . . Missiles Intercepted . | . . . . Alert | -11 -10 -10 -10 ------- Run | Yrd Mat Min Sub Peak Influence 161 | 30 161 85 . Initial 19 | . 19 . . Average 31 | 12 38 25 . Maximum Alert Level . | . . . . Low Security (%) 100 | 100 100 100 . Level 1 . | . . . . Level 2 . | . . . . Level 3 . | . . . . Level 4 . | . . . . Level 5 . | . . . . High Security . | . . . . Max Security . | . . . . Squads Dispatched 2 | . 2 . . Investigation 1 | . 1 . . Extermination . | . . . . Reinforcement 1 | . 1 . . Assault . | . . . . Garrison . | . . . . Intercept . | . . . . Searches Triggered . | . . . . Construction Impeded . | . . . . Haulers Reinforced . | . . . . Active Scanning Responses . | . . . . Cargo Convoy Interrupts . | . . . . Stealth | -11 -10 -10 -10 --------- Run | Yrd Mat Min Sub Distress Signals 2 | . 2 . . Communications Jammed . | . . . . Distress Signals . | . . . . Times Spotted 20 | . 12 3 5 Peak Tracking Total 6 | . 6 3 3 Tactical Retreats 1 | . 1 . . Traps | -11 -10 -10 -10 ------- Run | Yrd Mat Min Sub Traps Triggered 3 | . 1 . 2 Indirectly . | . . . . Trap Hack Attempts . | . . . . Triggered . | . . . . Disarmed . | . . . . Reprogrammed . | . . . . Reused . | . . . . Traps Extracted . | . . . . Installed . | . . . . Triggered . | . . . . Machines | -11 -10 -10 -10 ---------- Run | Yrd Mat Min Sub Machines Disabled 1 | . 1 . . Max in Single Turn 1 | . 1 . . Machines Repaired . | . . . . Machines Dismantled . | . . . . Machines Sabotaged . | . . . . Overloaded Fab Kills . | . . . . Hacking | -11 -10 -10 -10 --------- Run | Yrd Mat Min Sub Machines Accessed 9 | . 8 1 . Terminals 7 | . 7 . . Fabricators . | . . . . Repair Stations . | . . . . Recycling Units 1 | . 1 . . Scanalyzers . | . . . . Garrison Access . | . . . . Total Hacks 31 | . 30 1 . Successful 15 | . 14 1 . Failed 15 | . 15 . . Catastrophic 1 | . 1 . . Database Lockouts 1 | . 1 . . Manual 7 | . 7 . . Terminals 28 | . 28 . . Fabricators . | . . . . Repair Stations . | . . . . Recycling Units 2 | . 2 . . Scanalyzers . | . . . . Garrison Access . | . . . . Terminal Hacks 12 | . 11 1 . Part Schematic 1 | . 1 . . Robot Analysis 1 | . 1 . . Prototype ID Bank 2 | . 2 . . Open Door 1 | . . 1 . Branch Access Points 1 | . 1 . . Emergency Access Points 1 | . 1 . . Locate Traps 3 | . 3 . . Hauler Manifests 1 | . 1 . . Zone Layout 1 | . 1 . . Fabricator Hacks . | . . . . Repair Station Hacks . | . . . . Recycling Unit Hacks 1 | . 1 . . Report Inventory 1 | . 1 . . Scanalyzer . | . . . . Garrison Access Hacks . | . . . . Unauthorized Hacks 2 | . 2 . . Terminals 1 | . 1 . . Botnet 1 | . 1 . . Fabricators . | . . . . Repair Stations . | . . . . Recycling Units 1 | . 1 . . Tunnel 1 | . 1 . . Scanalyzers . | . . . . Garrison Access . | . . . . Data Cores Recovered . | . . . . Used . | . . . . Hacking Detections 6 | . 6 . . Full Trace Events 2 | . 2 . . Feedback Events . | . . . . Feedback Blocked . | . . . . Robot Schematics Acquired . | . . . . Robots Built . | . . . . Authchips . | . . . . Time . | . . . . Total Robot Build Rating . | . . . . Part Schematics Acquired 1 | . 1 . . Parts Built . | . . . . Authchips . | . . . . Time . | . . . . Total Part Build Rating . | . . . . Parts Repaired . | . . . . Time . | . . . . Parts Recycled . | . . . . Recycled Matter . | . . . . Retrieved Matter . | . . . . Retrieved Components . | . . . . Parts Scanalyzed . | . . . . Part Schematics Acquired . | . . . . Parts Damaged . | . . . . Bothacking | -11 -10 -10 -10 ------------ Run | Yrd Mat Min Sub Used RIF Installer . | . . . . Robots Hacked . | . . . . Non-combat . | . . . . Combat . | . . . . Robot Hacks Applied . | . . . . Relay Couplers Released . | . . . . Fabnet Peak Effective % . | . . . . Robots Rewired . | . . . . Allies Hacked . | . . . . Hacks Repelled . | . . . . Allies | -11 -10 -10 -10 -------- Run | Yrd Mat Min Sub Total Allies . | . . . . Largest Group . | . . . . Highest-Rated Group . | . . . . Highest-Rated Ally . | . . . . Total Orders . | . . . . Ally Attacks . | . . . . Total Damage . | . . . . Kills . | . . . . Allies Corrupted . | . . . . Allies Melted . | . . . . Intel | -11 -10 -10 -10 ------- Run | Yrd Mat Min Sub Robot Analysis Total 1 | . 1 . . Derelict Logs Recovered 1 | . . 1 . Drone Launches . | . . . . Drone Recoveries . | . . . . Exploration | -11 -10 -10 -10 ------------- Run | Yrd Mat Min Sub Turns Passed 2388 | 147 1224 874 143 Spaces Moved 993 | 69 526 318 80 Core 1 | 1 . . . Treads 651 | 65 526 60 . Legs . | . . . . Wheels 341 | 3 . 258 80 Hover . | . . . . Flight . | . . . . Fastest Speed 50 | 50 160 130 130 Average Speed 164 | 154 172 161 130 Slowest Speed 240 | 160 240 240 130 Overloaded Moves . | . . . . Propulsion Burnouts . | . . . . Robots Hopped . | . . . . Cave-ins Triggered . | . . . . Exploration Rate (%) 40 | 4 77 75 7 Regions Visited 3 Branch Regions 2 Pre-discovered Areas 2 | . 1 1 . Known Exits Taken 1 | . 1 . . Unknown Exits Taken 2 | 1 . 1 . Scrap Searched 1 | . . 1 . Spaces Dug . | . . . . Terrain Destroyed 21 | . . . 21 Melee . | . . . . Projectile . | . . . . AOE 21 | . . . 21 Terrain Rammed . | . . . . Walls Destroyed . | . . . . Machines Disabled . | . . . . Actions | -11 -10 -10 -10 --------- Run | Yrd Mat Min Sub Total 1627 | 88 780 661 98 Wait 507 | . 187 318 2 Move 990 | 68 525 317 80 Hop . | . . . . Pick Up 24 | 4 14 6 . Fast Attach 13 | 7 4 2 . Attach 2 | . 1 . 1 Detach 1 | . . 1 . Swap 6 | . 2 4 . Drop 17 | . 13 4 . Fire 67 | 9 34 9 15 Melee . | . . . . Ram . | . . . . Kick . | . . . . Crush . | . . . . Escape Stasis . | . . . . Rewire . | . . . . Trap . | . . . . Miscellaneous . | . . . . Route ------- -11/Scrapyard -10/Materials (discovered 4 exits: [*Mat x2] / *Min x2) -10/Mines (discovered 2 exits: [*Mat] / [*Sub]) -10/Subcaves (discovered 1 exit: [*Mat]) History --------- Turn | Location | Event 10 | -11/Scrapyard | Discovered new exit (range 15) 148 | -11/Scrapyard | Entered Materials 311 | -10/Materials | Build established: Mutant 506 | -10/Materials | Discovered new exit (range 15) 523 | -10/Materials | Identified exit to Mines 680 | -10/Materials | Central database locked down 1137 | -10/Materials | Discovered new exit (range 4) 1372 | -10/Materials | Entered Mines 1435 | -10/Mines | Learned location of Zion (-6) 1483 | -10/Mines | Discovered new exit (range 9) 1683 | -10/Mines | Found the Drone Emporium 1688 | -10/Mines | Found Prototype Device 2103 | -10/Mines | Discovered new exit (range 6) 2246 | -10/Mines | Entered Subcaves 2259 | -10/Subcaves | Discovered new exit (range 15) 2370 | -10/Subcaves | Core integrity fell below 50% 2387 | -10/Subcaves | Core integrity fell below 20% 2389 | -10/Subcaves | Destroyed by EC-0KT(R) with Subdweller Machine Gun Last Messages --------------- 02275_ Spikes shoot up from the floor. 02275_ Critical hit (Impale). 02277_ Flight Unit fries itself beyond repair. 02279_ Triggered Piercing Trap. 02279_ Spikes shoot up from the floor. 02279_ Critical hit (Impale). 02280_ Flight Unit fries itself beyond repair. 02280_ Lgt. Ion Engine fries itself beyond repair. 02281_ Lgt. Assault Rifle fries itself beyond repair. 02286_ Acquired 8 matter. 02365_ Com. Wheel destroyed. 02369_ Assault Rifle destroyed. 02371_ Critical hit (Destroy). 02371_ Com. Wheel destroyed. 02383_ Imp. Ion Engine destroyed. 02385_ Lgt. Assault Rifle destroyed. 02385_ 60-XEJ(R) destroyed. 02386_ Destroyed Sub. Power Source. 02388_ Rocket Launcher destroyed. 02388_ Destroyed Rocket Launcher. Map ----- +----------------------------------------------------+ | | | | | ?????????????????????????????????????????????????? | | ?????????????????????????????????????????????????? | | ?????????????????????????????????????????????????? | | ?????????????????????????????????????????????????? | | ?????????????????????????????????????????????????? | | ?????????????????????????????????????????????????? | | ?????????????????????????????????????????????????? | | ??????????????????#??????????????????????????????? | | ?????????????????????????????#???????????????????? | | ???????????????#?????????????????????????????????? | | ????????????????#????????????????????????????????? | | ?????#??????????????????????#????????????????????? | | ???????????????????????##???#????????????????????? | | ???????????????#?????#?#?#???????????????????????? | | ####????????#???#????????????????????????????????? | | #######?#?#####???????????????????????????????? | | ## #### ##?##?#????????##???????????????? | | ## #???????#?????"#??? ???????????? | | # # ### #??#?####???? ""???????????????? | | #### ## ##???## #### #???????????????? | | ## #####???## # #???????????????? | | ### ######?????##" #????????????????? | | # #### ### ##???## R """"#???????????????? | | # #???## ## ###?# " @ """""???????????????? | | #???"# ### # ! * """#?????????????? | | #????# ## """??????????????? | | ## #????# ### "### #????????????? | | #? ##?# ##?###### """#? ##????????????? | | ##?? ##??????#########??#######?????????????? | | #????######????#???????????#?????????????????????? | | #???????#?#??????????????????????????????????????? | | ##????????????????#?????????????#????????????????? | | #????????????#???#????#??????????#???????????????? | | ##??????????????????#?#??????????????????????????? | | #?####???#??????????????#????????????????????????? | | #?# ##???????#???????????#??????????????????????? | | #?# #??????????????????????????????????????????? | | ### #??????????????????????????????????????????? | | ## ###????????????????????????????????????????? | | #?????????????????????????????????????????? | | #?????????????????????????????????????????? | | "#?????????????????????????????????????????? | | ### ##?????????????????????????????????????????? | | #?# #??????????????????????????????????????????? | | ?? ##??? ??????????????????????????????????????? | | ?? ???????????????????????????????????????????? | | ? #### ??????????????????????????????????????????? | | ? ???# ?????????????????????????????????????????? | +----------------------------------------------------+ Best States ------------- Heat Dissipation 25 Energy Generation 12 Energy Capacity 265 Matter Stores 300 Matter Capacity 300 Sight Range 16 Terrain Scan Range 16 Terrain Scan Density 10 Evasion (%) 40 Recoil Reduction 1 Item Schematics ----------------- Cargo Storage Unit | -10/Materials | Hacked Robot Schematics ------------------ None Fabricated ------------ Nothing Alien Tech Used ----------------- None Achievements -------------- None Challenges ------------ None Game ------ Seed PlatingPoweredSubcomponent Manual? 0 Play Time 00:14:05 Cumulative 493.1 hours Start 2024.01.26 @ 12:55:27 End 2024.01.26 @ 13:08:22 Sessions 1 Manual Loads 0 Difficulty Rogue Special Mode None Game No. 192 Rogue 184 Adventurer 3 Explorer 5 Win Type - Total 9 Types 5/2/0/1/0/1/0/0/0 Lore% 82 Gallery% 90 Achievement% 79 Wizard Run 0 Options --------- ASCII 0 Keyboard 0 Movement Numpad Keybinds 0 Fullscreen 1 Font 18/SmallcapsGlow Map View 76x50 Zoom Use 0% Tactical HUD 1 Map Filters NONE Filters NONE Steam 1 RUN: 27c16437-b367-4c51-8b97-629f2e3c7f34